 Dungeon Crawl Stone Soup version 0.29-a0-878-g7b45a56547 (webtiles) character file.

Game seed: 3197842301846873687

12059 bjtr the Thaumaturge (level 11, -2/48 HPs)
             Began as a Spriggan Arcane Marksman on July 19, 2022.
             Was a High Priest of Elyvilon.
             Shot with an arrow by a centaur warrior (8 damage)
             ... on level 11 of the Dungeon on July 20, 2022.
             The game lasted 01:12:36 (14487 turns).

bjtr the Thaumaturge (Spriggan Arcane Marksman)    Turns: 14487, Time: 01:12:37

Health: -2/48      AC:  8    Str: 12    XL:     11   Next: 57%
Magic:  24/28      EV: 20    Int: 20    God:    Elyvilon [*****.]
Gold:   611        SH:  5    Dex: 25    Spells: 10/34 levels left

rFire   . . .      SeeInvis +   a - +1 sling (flame)
rCold   + . .      Faith    .   (no shield)
rNeg    . . .      Spirit   .   S - +2 robe {rC+}
rPois   .          Reflect  +   F - +2 hat
rElec   .          Harm     .   x - +1 cloak
rCorr   .          Rampage  .   (gloves unavailable)
Will    +....                   (boots unavailable)
Stlth   +++.......              z - amulet of reflection
HPRegen 0.16/turn               d - +6 ring of intelligence
MPRegen 0.21/turn               B - ring "Wiymocw" {Str+6 Dex+4}

@: very quick
A: very small, no large weapons, unfitting armour, see invisible, speed 3
a: Renounce Religion, Purification, Heal Other, Heal Self, Divine Vigour


You were on level 11 of the Dungeon.
You worshipped Elyvilon.
Elyvilon was extremely pleased with you.
You visited 2 branches of the dungeon, and saw 12 of its levels.
You also visited: Sewer.

You collected 611 gold pieces.

Inventory:

Hand Weapons
 a - a +1 sling of flaming (weapon)
 b - a +1 short sword of venom
 j - a +0 rapier
 q - a +0 shortbow
 R - a +0 quarterstaff of freezing
 T - a +0 arbalest
Missiles
 e - 106 stones
 o - 34 poisoned darts
 s - 5 atropa-tipped darts
 A - a throwing net
Armour
 c - a +0 troll leather armour
 x - a +1 cloak (worn)
 F - a +2 hat (worn)
 S - a +2 robe of cold resistance (worn)
Jewellery
 d - a +6 ring of intelligence (left hand)
 n - a ring of fire
 y - a ring of magical power
 z - an amulet of reflection (around neck)
 B - the ring "Wiymocw" (right hand) {Str+6 Dex+4}
   (You acquired it on level 6 of the Dungeon)

   [ring of strength]

   Str:       It affects your strength (+6).
   Dex:       It affects your dexterity (+4).
 M - a +6 ring of intelligence
 Q - a ring of ice
Wands
 H - a wand of iceblast (1)
 K - a wand of flame (15)
 O - a wand of mindburst (5)
 U - a wand of digging (6)
Scrolls
 h - 5 scrolls of teleportation
 i - 3 scrolls of vulnerability
 k - 4 scrolls of enchant weapon
 r - 2 scrolls of enchant armour
 v - 2 scrolls of brand weapon
 C - 2 scrolls of immolation
 D - a scroll of fear
 G - a scroll of fog
 J - a scroll of amnesia
 L - a scroll of blinking
 P - a scroll of poison
 V - a scroll of identify
Potions
 f - 4 potions of mutation
 g - 4 potions of curing
 l - 7 potions of lignification
 m - 2 potions of might
 p - a potion of haste
 t - 2 potions of cancellation
 u - 3 potions of heal wounds
 w - 2 potions of flight
 E - 3 potions of attraction
 I - 4 potions of brilliance
Miscellaneous
 N - a phantom mirror


   Skills:
 - Level 0.7 Fighting
 + Level 10.8 Ranged Weapons
 + Level 4.1 Dodging
 + Level 3.1 Stealth
 * Level 12.2 Spellcasting
 * Level 11.8 Hexes
 + Level 1.9 Translocations
 + Level 4.3 Fire Magic


You had 10 spell levels left.
You knew the following spells:

 Your Spells              Type           Power      Damage    Failure   Level
a - Slow                  Hex            100%       N/A       1%          1
b - Inner Flame           Hex/Fire       44%        N/A       1%          3
c - Portal Projectile     Hex/Tloc       78%        N/A       1%          3
d - Cause Fear            Hex            28%        N/A       1%          4
e - Ensorcelled Hibernat  Hex/Ice        72%        N/A       1%          2
f - Tukima's Dance        Hex            56%        N/A       1%          3
g - Summon Guardian Gole  Hex/Summ       36%        N/A       1%          3
h - Mephitic Cloud        Conj/Pois/Air  12%        N/A       17%         3
i - Passwall              Tmut/Erth      10%        N/A       9%          2

Your spell library contained the following spells:

 Spells                   Type           Power      Damage    Failure   Level
 Leda's Liquefaction      Hex/Erth       18%        N/A       4%          4
 Magic Dart               Conj           48%        1d5       5%          1
 Summon Small Mammal      Summ           48%        N/A       5%          1
 Call Imp                 Summ           12%        N/A       9%          2
 Summon Mana Viper        Hex/Summ       36%        N/A       13%         5
 Yara's Violent Unravell  Hex/Tmut       18%        3d9       13%         5
 Call Canine Familiar     Summ           12%        N/A       17%         3
 Swiftness                Air            12%        N/A       17%         3
 Passage of Golubria      Tloc           19%        N/A       26%         4
 Animate Armour           Summ/Erth      24%        N/A       50%         4
 Summon Ice Beast         Ice/Summ       12%        N/A       50%         4
 Blade Hands              Tmut           6%         N/A       83%         5
 Lee's Rapid Deconstruct  Erth           6%         3d7*      83%         5
 Discord                  Hex            28%        N/A       95%         8
 Iron Shot                Conj/Erth      6%         9d2       100%        6
 Statue Form              Tmut/Erth      8%         N/A       100%        6
 Monstrous Menagerie      Summ           6%         N/A       100%        7


Dungeon Overview and Level Annotations

Branches:
Dungeon (11/15)            Temple (1/1) D:5            Lair (0/5) D:10
  Sewer (visited)
    Orc: D:9-12

Altars:
Ashenzari
Cheibriados
Dithmenos
Elyvilon
Fedhas
Gozag
Hepliaklqana
Kikubaaqudgha
Makhleb
Nemelex Xobeh
Okawaru
Qazlal
Ru
Sif Muna
Trog
Uskayaw
Vehumet
Wu Jian
Xom
Yredelemnul
Zin
The Shining One

Shops:
D:5 (


Innate Abilities, Weirdness & Mutations

You are very small and have problems with some larger weapons.
You are too small for most types of armour.
You have supernaturally acute eyesight. (SInv)
You cover ground extremely quickly. (Speed+++)


Message History

You start resting.
Magic restored.
You start resting.
HP restored.
You climb downwards.
There is a stone staircase leading up here.
Casting: Portal Projectile (safe; 1% risk of failure)
Confirm with . or Enter, or press ? or * to list all spells.
Aiming: Inner Flame (safe; 1% risk of failure)
Press: ? - help, Dir - move target, f - centaur warrior
Aim: a centaur warrior, wielding a +0 shortbow (chance to affect: 81%)
The centaur warrior is filled with an inner flame.
The centaur warrior shoots an arrow.
The arrow hits you!!
The centaur warrior shoots an arrow.
The arrow closely misses you.
Unknown command.
Casting: Inner Flame (safe; 1% risk of failure)
Confirm with . or Enter, or press ? or * to list all spells.
Aiming: Slow (safe; 1% risk of failure)
Press: ? - help, Shift-Dir - straight line, f/p - centaur warrior
Aim: a centaur warrior, wielding a +0 shortbow (inner flame, chance to affect: 47%)
The centaur warrior resists with some effort.
The centaur warrior shoots an arrow.
The arrow hits you but does no damage.
Unknown command.
Fire: a) +1 sling (flame)
Press: ? - help, Shift-Dir - straight line, f/p - centaur warrior
Aim: a centaur warrior, wielding a +0 shortbow (inner flame, 74% to hit)
You shoot a sling bullet.
The sling bullet hits the centaur warrior.
Flame seeps out of the centaur warrior.
The sling bullet burns the centaur warrior.
Flame seeps out of the centaur warrior.
The centaur warrior is lightly wounded.
The centaur warrior is engulfed in blazing flames.
Flame seeps out of the centaur warrior.
The centaur warrior shoots an arrow.
The arrow hits you!!
* * * LOW HITPOINT WARNING * * *
The centaur warrior is engulfed in blazing flames.
Flame seeps out of the centaur warrior.
The centaur warrior shoots an arrow.
The arrow hits you!
You die...

##.## ##.#...........########
##...###..).##)#.........#
#..#..#..#..##.#.##..#.###
#.###...###.##.#.....#.#
#..#..#..#..##.#..#<...#
##...###....##.#.....#.#
#.### ####.##.#####...#####
#†# #.##.#####.#...... #.#
#.#@........###### #.#
#.##.#####..#
#.########.##.## #..# ######
#..............# #..# #.....
#############..####..###.....
#.........)).....
##.####..###..≈≈≈ #c####..#
#..≈≈≈ #○......# #.≈≈≈≈


You could see a centaur warrior (inner flame).

Vanquished Creatures
  Gastronok (D:8)
  Fannar (D:10)
  Erolcha (D:9)
  2 two-headed ogres (D:10)
  Pikel (D:7)
  The ghost of bande the Chopper, a novice GrFi of Okawaru (D:7)
  An ugly thing (D:9)
  Joseph (D:10)
  2 trolls
  13 yaks
  3 wraiths
  A wyvern (D:8)
  A steam dragon (D:8)
  3 wargs (D:10)
  2 water moccasins (D:6)
  Pargi (Sewer)
  6 orc warriors
  An ice beast (D:8)
  An ogre (D:7)
  2 black bears
  3 centaurs
  A lemure (D:7)
  2 kobold brigands
  2 bullfrogs (D:6)
  A necrophage (D:5)
  A scorpion (D:5)
  13 killer bees
  4 howler monkeys
  5 hounds
  5 jellies
  5 orc priests
  A gnoll bouda (D:7)
  3 iguanas
  10 orc wizards
  8 gnolls
  6 adders
  4 shadow imps
  A white imp (D:8)
  4 ufetubi
  2 worms
  A dart slug (D:2)
  20 orcs
  5 endoplasms
  2 giant cockroaches (D:4)
  3 goblins
  5 hobgoblins
  4 jackals (D:4)
  4 quokkas
  15 ball pythons
  10 bats
  4 frilled lizards
  18 kobolds
  8 rats
225 creatures vanquished.

Notes
Turn   | Place    | Note
-------+----------+-------------------------------------------
     0 | D:1      | bjtr the Spriggan Arcane Marksman began the quest for the
                  | Orb.
     0 | D:1      | Reached XP level 1. HP: 9/9 MP: 3/3
   272 | D:1      | Reached XP level 2. HP: 13/14 MP: 1/5
  1495 | D:2      | Identified the +1 pair of gloves of Dytoa {rN++ Will-
                  | Regen+ Str+3}
  1652 | D:2      | Reached XP level 3. HP: 17/17 MP: 4/6
  1656 | D:2      | Learned a level 3 spell: Inner Flame
  1882 | D:2      | Reached skill level 2 in Spellcasting
  2642 | D:3      | Reached XP level 4. HP: 21/21 MP: 8/8
  2696 | D:3      | Found a faded altar of an unknown god.
  2745 | D:3      | Found an iron altar of Okawaru.
  3220 | D:3      | Learned a level 3 spell: Portal Projectile
  3494 | D:3      | Found a white marble altar of Elyvilon.
  3502 | D:3      | Became a worshipper of Elyvilon the Healer
  3564 | D:3      | Found a basalt altar of Yredelemnul.
  3758 | D:3      | Found a hide-covered altar of Uskayaw.
  3816 | D:4      | Reached XP level 5. HP: 25/25 MP: 1/10
  3898 | D:4      | You fall into a shaft and drop 1 floor!
  3898 | D:5      | Entered Level 5 of the Dungeon
  3911 | D:5      | Noticed a black bear
  4025 | D:4      | Reached skill level 3 in Spellcasting
  4128 | D:4      | Reached * piety under Elyvilon
  4239 | D:4      | Found a broken altar of Ashenzari.
  4239 | D:4      | Found a glowing silver altar of Zin.
  5023 | D:5      | Reached skill level 5 in Hexes
  5073 | D:5      | Found a staircase to the Ecumenical Temple.
  5081 | D:5      | Found Ezegor's Weapon Emporium.
  5159 | D:5      | Noticed a centaur
  5163 | D:5      | Killed a centaur
  5164 | D:5      | Reached skill level 1 in Fire Magic
  5201 | D:5      | Reached XP level 6. HP: 20/29 MP: 12/12
  5337 | D:5      | Reached ** piety under Elyvilon
  5645 | D:5      | Learned a level 4 spell: Cause Fear
  5714 | D:5      | Reached skill level 4 in Spellcasting
  5811 | D:5      | Reached skill level 1 in Stealth
  5811 | D:5      | Reached XP level 7. HP: 32/32 MP: 13/14
  5906 | Temple   | Entered the Ecumenical Temple
  6230 | D:6      | Reached skill level 5 in Ranged Weapons
  6322 | D:6      | Reached skill level 5 in Spellcasting
  6339 | D:6      | Found a sparkling altar of Nemelex Xobeh.
  6418 | D:6      | Found a glowing drain.
  6480 | Sewer    | Entered a sewer
  6619 | Sewer    | Noticed Pargi
  6627 | Sewer    | Killed Pargi
  6628 | Sewer    | Reached XP level 8. HP: 37/37 MP: 17/17
  6759 | D:6      | Identified a scroll of acquirement
  6759 | D:6      | Acquired the ring "Wiymocw" {Str+6 Dex+4}
  6907 | D:6      | Reached skill level 6 in Spellcasting
  7645 | D:7      | Noticed bande's ghost (novice GrFi)
  7675 | D:7      | Found a runed translucent gate.
  7675 | D:7      | Found a runed translucent gate.
  7675 | D:7      | Found a runed translucent gate.
  7686 | D:7      | Reached *** piety under Elyvilon
  7704 | D:7      | Reached skill level 7 in Spellcasting
  8247 | D:7      | Noticed Pikel
  8255 | D:7      | Killed Pikel
  8256 | D:7      | Reached skill level 8 in Spellcasting
  8256 | D:7      | Reached XP level 9. HP: 40/40 MP: 13/22
  8729 | D:7      | Killed bande's ghost
  9219 | D:8      | Reached skill level 9 in Spellcasting
  9235 | D:8      | Noticed Gastronok
  9257 | D:8      | Killed Gastronok
  9258 | D:8      | Reached XP level 10. HP: 44/44 MP: 15/24
  9670 | D:8      | Reached **** piety under Elyvilon
 10356 | D:9      | Reached skill level 10 in Hexes
 10442 | D:9      | Noticed a red ugly thing
 10446 | D:9      | Learned a level 2 spell: Ensorcelled Hibernation
 10450 | D:9      | Learned a level 3 spell: Tukima's Dance
 10454 | D:9      | Learned a level 3 spell: Summon Guardian Golem
 10458 | D:9      | Learned a level 3 spell: Mephitic Cloud
 10461 | D:9      | Learned a level 2 spell: Passwall
 10507 | D:9      | Killed a red ugly thing
 10508 | D:9      | Reached skill level 10 in Spellcasting
 10508 | D:9      | Reached skill level 1 in Translocations
 10761 | D:9      | Was placed under penance by Elyvilon
 10922 | D:9      | Noticed Erolcha
 10929 | D:9      | Killed Erolcha
 11130 | D:9      | Found an opulent altar of Gozag.
 11130 | D:9      | Found an ancient bone altar of Kikubaaqudgha.
 11422 | D:10     | Entered Level 10 of the Dungeon
 11466 | D:10     | Was forgiven by Elyvilon
 11561 | D:10     | Noticed a two-headed ogre
 11575 | D:10     | Killed a two-headed ogre
 11599 | D:10     | Noticed Joseph
 11606 | D:10     | Killed Joseph
 11607 | D:10     | Reached XP level 11. HP: 48/48 MP: 17/26
 11694 | D:10     | Reached skill level 11 in Spellcasting
 11809 | D:10     | Found a staircase to the Lair.
 11886 | D:10     | Reached skill level 10 in Ranged Weapons
 11975 | D:10     | Noticed Fannar
 12842 | D:10     | Noticed a two-headed ogre
 12885 | D:10     | Killed a two-headed ogre
 13079 | D:10     | Killed Fannar
 13203 | D:10     | Upgraded the game from 0.29-a0-872-g797fff5ad1 to
                  | 0.29-a0-878-g7b45a56547
 13233 | D:11     | Reached ***** piety under Elyvilon
 13569 | D:11     | Reached skill level 12 in Spellcasting
 13656 | D:11     | Found a snail-covered altar of Cheibriados.
 14217 | D:11     | Noticed a centaur warrior
 14487 | D:11     | Shot with an arrow by a centaur warrior

Illustrated notes

Levels and vault maps discovered:
D:1:      giann_wishing_wells, layout_basic, lemuel_flame_loot_1
D:2:      layout_loops_corners
D:3:      layout_basic, kennysheep_ying_yang, nicolae_overflow_hidden_temple,
          mainiacjoe_overflow_alcove_2, chequers_ecumenical_altar_island,
          eino_curves_04
D:4:      layout_loops_corners, gammafunk_temple_overflow_elements,
          amcnicky_mini_corridor_feature
D:5:      layout_basic, minmay_temple_entry_statues_pillars, serial_shops,
          nicolae_shop_advertising_works [nicolae_subvault_shop_adworks]
D:6:      layout_rooms, nemelex_diamond_rough_becter,
          cheibrodos_sewer_entry_drain
D:7:      layout_loops_cross, gammafunk_ghost_split, uniq_pikel
D:8:      layout_cave_pods, uniq_gastronok
D:9:      layout_cave_pods, gammafunk_temple_overflow_pools, uniq_erolcha
D:10:     layout_gridville, erik_lair_orcish_takeover, uniq_joseph, uniq_fannar
D:11:     evilmike_iron_armoury, layout_basic, serial_glass, glass_columns_b,
          glass_columns_b, minmay_strange_pillars, minmay_strange_pillars,
          cheibriados_altar_1
Temple:   compressed_dpeg_triangle_lava_temple

Skill      XL: |  1  2  3  4  5  6  7  8  9 10 11 |
---------------+----------------------------------+-----
Hexes          | 4 5 6 7 8 9 11 | 11.8
Spellcasting   | 2 3 4 5 8 9 10 12 | 12.2
Ranged Weapons | 3 4 5 7 8 9 10 | 10.8
Fire Magic     | 1 2 3 4 |  4.3
Dodging        | 3 4 |  4.1
Stealth        | 1 2 3 |  3.1
Translocations | 1 |  1.9
Fighting       | |  0.7

Action                   |  1- 3 |  4- 6 |  7- 9 | 10-12 || total
-------------------------+-------+-------+-------+-------++-------
Melee: Short sword       |     2 |     7 |     2 |     1 ||    12
 Fire: Sling             |   152 |    91 |   187 |   285 ||   715
 Cast: Slow              |    44 |    21 |     8 |    15 ||    88
       Inner Flame       |       |    23 |    45 |    74 ||   142
       Portal Projectile |       |       |     3 |     7 ||    10
       Summon Guardian G |       |       |       |     4 ||     4
  Use: Scroll            |     4 |     9 |     7 |     5 ||    25
 Stab: Sleeping          |       |       |       |     1 ||     1
Armor: Robe              |     9 |     3 |     6 |     9 ||    27
Dodge: Dodged            |    39 |    22 |    47 |    49 ||   157
Block: Other             |       |     1 |     7 |    10 ||    18
       Reflection        |       |       |       |     4 ||     4

Table legend: (Time is in decaauts)
 A = Elapsed time spent in this place.
 B = Non-inter-level travel time spent in this place.
 C = Inter-level travel time spent in this place.
 D = Time resting spent in this place.
 E = Time spent auto-exploring this place.
 F = Levels seen in this place.
 G = Mean time per level.
                   A        B        C        D        E       F      G
               +--------+--------+--------+--------+--------+-----+--------+
         Total |  11217 |  10963 |    254 |   3511 |   5265 |  13 |  862.8 |
       Dungeon |  10777 |  10533 |    244 |   3403 |   5011 |  11 |  979.7 |
        Temple |    175 |    165 |     10 |      0 |    158 |   1 |  175.0 |
         Sewer |    265 |    265 |      0 |    108 |     96 |   1 |  265.0 |
               +--------+--------+--------+--------+--------+-----+--------+

Top non-repeatable levels by time:
    D:10: 1461 daAuts
     D:7: 1131 daAuts
     D:1: 1074 daAuts
     D:9: 1060 daAuts
     D:8: 1007 daAuts
     D:3: 909 daAuts
     D:2: 880 daAuts
    D:11: 863 daAuts
     D:4: 860 daAuts
     D:6: 827 daAuts
     D:5: 702 daAuts
   Sewer: 265 daAuts
  Temple: 175 daAuts
